 Dungeon Crawl Stone Soup version 0.29-a0-344-ge2f44be95a (webtiles) character file.

Game seed: 8166508142211289699

15918 Dauddaud the Severer (level 12, -2/101 HPs)
             Began as a Minotaur Berserker on Apr 21, 2022.
             Was a High Priest of Trog.
             Slain by a hornet (3 damage)
             ... while paralysed by a hornet
             ... on level 12 of the Dungeon.
             The game lasted 00:26:10 (17448 turns).

Dauddaud the Severer (Minotaur Berserker)          Turns: 17448, Time: 00:26:11

Health: -2/101     AC: 14    Str: 33    XL:     12   Next: 5%
Magic:  11/11      EV:  2    Int:  4    God:    Trog [*****.]
Gold:   755        SH:  0    Dex: 10    Spells: 11/11 levels left

rFire   . . .      SeeInvis .   S - +3 battleaxe
rCold   . . .      Faith    +   (shield currently unavailable)
rNeg    + . .      Spirit   .   r - +0 chain mail
rPois   .          Reflect  .   (helmet restricted)
rElec   .          Harm     .   g - +0 cloak
rCorr   .          Rampage  .   (no gloves)
Will    .....                   u - +1 pair of boots
Stlth   ..........              D - amulet of faith
HPRegen 0.26/turn               o - +6 ring of strength
MPRegen 0.12/turn               B - ring of positive energy

@: paralysed, lethally poisoned (-2 -> -37), slowed, studying Dodging
A: horns 2, retaliatory headbutt
a: Renounce Religion, Berserk, Trog's Hand, Brothers in Arms


You were on level 12 of the Dungeon.
You worshipped Trog.
Trog was extremely pleased with you.
You visited 2 branches of the dungeon, and saw 13 of its levels.

You collected 882 gold pieces.
You spent 127 gold pieces at shops.

Inventory:

Hand Weapons
 a - a +0 hand axe
 E - a +0 battleaxe
 F - a +4 war axe
 J - a +2 battleaxe
 O - a +2 antimagic broad axe
 S - a +3 battleaxe (weapon)
Armour
 b - a +0 animal skin
 g - a +0 cloak (worn)
 p - a +0 ring mail
 r - a +0 chain mail (worn)
 u - a +1 pair of boots (worn)
Jewellery
 o - a +6 ring of strength (left hand)
 t - an amulet of the acrobat
 B - a ring of positive energy (right hand)
 D - an amulet of faith (around neck)
 G - a ring of ice
 L - a ring of willpower
 P - a ring of see invisible
 Q - a +6 ring of strength
Wands
 I - a wand of iceblast (12)
 K - a wand of digging (4)
 M - a wand of polymorph (3)
Scrolls
 d - 2 scrolls of immolation
 h - 3 scrolls of blinking
 i - a scroll of torment
 j - 12 scrolls of teleportation
 k - a scroll of magic mapping
 n - 2 scrolls of fear
 q - 2 scrolls of enchant weapon
 x - 2 scrolls of brand weapon
 y - 3 scrolls of holy word
 A - a scroll of vulnerability
 C - 7 scrolls of identify
 H - 4 scrolls of fog
Potions
 c - a potion of heal wounds
 e - 2 potions of flight {unknown}
 f - 2 potions of brilliance
 l - 5 potions of lignification
 m - 2 potions of degeneration {unknown}
 s - 2 potions of ambrosia {unknown}
 v - 4 potions of might
 w - 2 potions of resistance {unknown}
 z - 7 potions of curing
 N - 2 potions of berserk rage {unknown}
 R - a potion of attraction {unknown}
 T - a potion of cancellation {unknown}
 U - a potion of invisibility {unknown}
 V - a potion of mutation {unknown}


   Skills:
 * Level 7.8 Fighting
 - Level 20.0 Axes
 * Level 7.3 Armour
 + Level 6.6 Dodging
 + Level 3.3 Evocations


You had 11 spell levels left.
You didn't know any spells.
Your spell library was empty.

Dungeon Overview and Level Annotations

Branches:
Dungeon (12/15)            Temple (1/1) D:4            Lair (0/6) D:11
    Orc (0/2) D:11

Altars:
Uskayaw
Yredelemnul

Shops:
D:1 (   D:3 [   D:10 [


Innate Abilities, Weirdness & Mutations

You have a pair of horns on your head.
You reflexively headbutt those who attack you in melee.


Message History

You feel yourself slow down.
The hornet stings you but does no damage.
The hornet barely misses you. You furiously retaliate!
You headbutt the hornet. You miss the hornet. Your headbutt misses the hornet.
The hornet is moderately wounded.
You slash the hornet!
You feel very sick. The hornet stings you.
You are more poisoned.
You feel as though you will be slow longer.
The hornet stings you but does no damage.
The hornet stings you!
You are more poisoned.
You feel as though you will be slow longer.
You completely miss the hornet.
The hornet is moderately wounded.
You barely miss the hornet.
You feel extremely sick. The hornet barely misses you. The hornet stings you.
You are more poisoned.
You feel as though you will be slow longer.
The hornet stings you!
You suddenly lose the ability to move!
The hornet stings you but does no damage.
You feel extremely sick. The hornet stings you!
You are more poisoned.
You feel as though you will be slow longer.
The hornet stings you!
* * * LOW HITPOINT WARNING * * *
You feel as though you will be slow longer.
* * * LOW HITPOINT WARNING * * *
You feel extremely sick. The hornet stings you.
* * * LOW HITPOINT WARNING * * *
You feel as though you will be slow longer.
The hornet stings you.
* * * LOW HITPOINT WARNING * * *
You feel as though you will be slow longer.
The hornet completely misses you. The hornet stings you.
You die...

..#####............######
.............##......^...
#.###.#......##..........
..............#..........
....###..................
........#..###...........
.#.....##......##........
.#.............##........
.............:..@........
#.##.#.#..#....yy...#.###
#.............##.##.....
##.##...#.#...#.#. .####.
#........#.###. . #.
######......# .# #. ##
..# #|....###. . #.#
##.....#.# #.
#.#####...#.#


You could see 2 hornets.

Vanquished Creatures
  A boulder beetle (D:12)
  Erica (D:10)
  A centaur warrior (D:11)
  2 two-headed ogres (D:9)
  Pikel (D:8)
  An ugly thing (D:11)
  3 cyclopes
  A gargoyle (D:11)
  An unseen horror (D:12)
  A komodo dragon (D:11)
  A troll (D:9)
  2 hornets (D:12)
  Grinder (D:5)
  8 slime creatures (D:12)
  15 yaks
  2 wyverns
  A vampire (D:9)
  2 wraiths
  A basilisk (D:11)
  2 steam dragons (D:8)
  Edmund (D:5)
  An acid dragon (D:11)
  A water moccasin (D:6)
  3 orc warriors
  4 sky beasts
  4 black bears
  An ogre (D:7)
  5 centaurs
  2 lemures (D:8)
  A kobold brigand (D:8)
  Blork the orc (D:5)
  3 bullfrogs
  A gnoll sergeant (D:6)
  6 scorpions
  13 wights
  4 killer bees (D:11)
  A howler monkey (D:6)
  An electric eel (D:8)
  A jelly (D:5)
  3 hounds
  6 orc priests
  Crazy Yiuf (D:5)
  A gnoll shaman (D:9)
  2 iguanas
  11 orc wizards
  A killer bee zombie (D:7)
  A howler monkey zombie (D:7)
  14 gnolls
  9 adders
  A shadow imp (D:8)
  2 white imps
  7 worms
  5 dart slugs
  51 orcs
  10 endoplasms
  3 giant cockroaches
  10 goblins
  15 hobgoblins
  7 jackals
  4 quokkas
  9 ball pythons
  6 bats
  7 frilled lizards
  12 kobolds
  5 rats
305 creatures vanquished.

Vanquished Creatures (others)
  2 orcs (D:8)
  A fungus (D:2)
  37 plants (D:11)
40 creatures vanquished.

Grand Total: 345 creatures vanquished

Notes
Turn   | Place    | Note
-------+----------+-------------------------------------------
     0 | D:1      | Dauddaud the Minotaur Berserker began the quest for the
                  | Orb.
     0 | D:1      | Reached XP level 1. HP: 19/19 MP: 0/0
   250 | D:1      | Reached skill level 4 in Axes
   363 | D:1      | Reached XP level 2. HP: 25/26 MP: 1/1
   394 | D:1      | Found Xiadghoit's Weapon Boutique.
   506 | D:1      | Reached skill level 5 in Axes
   609 | D:1      | Reached XP level 3. HP: 28/31 MP: 2/2
   753 | D:1      | Reached ** piety under Trog
  1175 | D:2      | Reached skill level 6 in Axes
  1175 | D:2      | Reached XP level 4. HP: 27/39 MP: 3/3
  1741 | D:2      | Found a faded altar of an unknown god.
  2133 | D:2      | Reached *** piety under Trog
  2431 | D:3      | Reached skill level 7 in Axes
  2431 | D:3      | Reached XP level 5. HP: 42/45 MP: 4/4
  3117 | D:3      | Reached skill level 8 in Axes
  3151 | D:3      | Reached XP level 6. HP: 46/51 MP: 5/5
  3230 | D:3      | Found Manaag's Antique Armour Shop.
  3234 | D:3      | Bought a pair of runed boots for 127 gold pieces
  3931 | D:4      | Found a staircase to the Ecumenical Temple.
  3951 | D:4      | Reached skill level 9 in Axes
  3959 | Temple   | Entered the Ecumenical Temple
  4851 | D:4      | Noticed a sky beast
  4876 | D:4      | Killed a sky beast
  4877 | D:4      | Reached XP level 7. HP: 41/57 MP: 6/6
  4987 | D:4      | Reached **** piety under Trog
  5300 | D:4      | Reached skill level 10 in Axes
  5375 | D:5      | Entered Level 5 of the Dungeon
  5461 | D:5      | Noticed Grinder
  5466 | D:5      | Paralysed by Grinder for 5 turns
  5478 | D:5      | Reached skill level 11 in Axes
  5481 | D:5      | Killed Grinder
  5482 | D:5      | Reached XP level 8. HP: 63/64 MP: 7/7
  5599 | D:5      | Reached skill level 12 in Axes
  5642 | D:5      | Noticed Edmund
  5658 | D:5      | Killed Edmund
  5923 | D:5      | Found a runed translucent door.
  5924 | D:5      | Noticed Crazy Yiuf
  5931 | D:5      | Killed Crazy Yiuf
  5932 | D:5      | Reached skill level 13 in Axes
  6005 | D:5      | Noticed Blork the orc
  6017 | D:5      | Killed Blork the orc
  7141 | D:6      | Reached skill level 14 in Axes
  7223 | D:6      | Reached XP level 9. HP: 70/70 MP: 8/8
  7911 | D:6      | Reached skill level 15 in Axes
  8436 | D:7      | Reached ***** piety under Trog
  8437 | D:7      | Reached skill level 16 in Axes
  8682 | D:7      | Found a basalt altar of Yredelemnul.
  9310 | D:8      | Noticed Pikel
  9325 | D:8      | Killed Pikel
  9326 | D:8      | Reached skill level 17 in Axes
  9326 | D:8      | Reached XP level 10. HP: 34/77 MP: 9/9
 10161 | D:8      | Reached skill level 18 in Axes
 10461 | D:8      | Received a gift from Trog
 11042 | D:9      | Noticed a two-headed ogre
 11048 | D:9      | Killed a two-headed ogre
 11371 | D:9      | Noticed a two-headed ogre
 11377 | D:9      | Killed a two-headed ogre
 11378 | D:9      | Reached skill level 19 in Axes
 12092 | D:10     | Entered Level 10 of the Dungeon
 12162 | D:10     | Noticed Erica
 12175 | D:10     | Killed Erica
 12374 | D:10     | Found Dilauged's Antique Armour Boutique.
 12411 | D:10     | Reached XP level 11. HP: 82/82 MP: 3/10
 12799 | D:10     | Found a hide-covered altar of Uskayaw.
 13319 | D:11     | Reached skill level 20 in Axes
 13357 | D:11     | Noticed a centaur warrior
 13986 | D:11     | Found a staircase to the Orcish Mines.
 14109 | D:11     | Killed a centaur warrior
 14110 | D:11     | Reached skill level 1 in Evocations
 14120 | D:11     | Reached skill level 5 in Fighting
 14394 | D:11     | Noticed a red ugly thing
 14407 | D:11     | Killed a red ugly thing
 15056 | D:11     | Reached skill level 5 in Armour
 15131 | D:11     | Found a staircase to the Lair.
 15330 | D:12     | Noticed a boulder beetle
 15348 | D:11     | Reached skill level 5 in Dodging
 15678 | D:12     | Paralysed by a hornet for 2 turns
 15684 | D:12     | HP: 6/136 [poisoned by a hornet]
 15688 | D:12     | HP: 1/91 [poisoned by a hornet]
 16036 | D:12     | Killed a boulder beetle
 16594 | D:12     | Received a gift from Trog
 16595 | D:12     | Reached XP level 12. HP: 31/101 MP: 3/11
 17446 | D:12     | Paralysed by a hornet for 3 turns
 17448 | D:12     | HP: 1/101 [hornet (6)]
 17448 | D:12     | Slain by a hornet

Illustrated notes

Levels and vault maps discovered:
D:1:      dpeg_arrival_snail, layout_loops_ring, serial_shops,
          nicolae_shop_bloodbath_and_beyond
D:2:      layout_loops_ring, shapermc_ecumenical_altar_acropolis, st_stairs_11,
          minmay_unequal
D:3:      layout_basic, serial_shops, shop, minmay_fractal_squares_5
D:4:      minmay_chambers_of_fours, layout_basic, minmay_temple_entry_slanted
D:5:      layout_basic, minmay_manual_mares, uniq_blork_the_orc, uniq_edmund,
          uniq_crazy_yiuf_cottage, uniq_grinder
D:6:      layout_gridville
D:7:      layout_basic, lemuel_zombie_altar_yredelemnul, grunt_decor_junction,
          kennysheep_windowed_goal
D:8:      layout_loops_ring, st_stairs_11, amcnicky_mini_pool_medium, uniq_pikel
D:9:      layout_loops_ring
D:10:     layout_small_grid, mainiacjoe_overflow_surrounded_room, serial_shops,
          shop, uniq_erica
D:11:     layout_roguey, david_lair_shrubbed, hiddenorc2_lemuel
D:12:     layout_rooms, kennysheep_small_spiral, dreamdust_wasp_nest
Temple:   mainiacjoe_temple_big_plus

Skill      XL: |  1  2  3  4  5  6  7  8  9 10 11 |
---------------+----------------------------------+-----
Axes           | 4 5 6 7 8 9 11 14 17 19 20 | 20.0
Fighting       | 7 |  7.8
Armour         | 7 |  7.3
Dodging        | 6 |  6.6
Evocations     | 3 |  3.3

Action                   |  1- 3 |  4- 6 |  7- 9 | 10-12 || total
-------------------------+-------+-------+-------+-------++-------
Melee: Hand axe          |    77 |   221 |   161 |       ||   459
       Headbutt          |    11 |    30 |    43 |    56 ||   140
       Punch             |     2 |     2 |     3 |       ||     7
       War axe           |       |       |    68 |       ||    68
       Battleaxe         |       |       |    13 |    68 ||    81
       Broad axe         |       |       |       |   244 ||   244
Invok: Berserk           |       |     2 |     4 |     8 ||    14
       Trog's Hand       |       |       |     1 |     3 ||     4
  Use: Scroll            |       |       |     7 |     7 ||    14
       Potion            |       |       |       |     7 ||     7
 Stab: Distracted        |       |       |       |     1 ||     1
Armor: Animal skin       |    11 |     8 |       |       ||    19
       Ring mail         |       |    12 |       |       ||    12
       Chain mail        |       |    61 |    91 |   137 ||   289
Dodge: Dodged            |    40 |   103 |    93 |   105 ||   341

Table legend: (Time is in decaauts)
 A = Elapsed time spent in this place.
 B = Non-inter-level travel time spent in this place.
 C = Inter-level travel time spent in this place.
 D = Time resting spent in this place.
 E = Time spent auto-exploring this place.
 F = Levels seen in this place.
 G = Mean time per level.
                   A        B        C        D        E       F      G
               +--------+--------+--------+--------+--------+-----+--------+
         Total |  17423 |  16985 |    438 |   6230 |   8817 |  13 | 1340.2 |
       Dungeon |  17076 |  16638 |    438 |   5885 |   8817 |  12 | 1423.0 |
        Temple |    347 |    347 |      0 |    345 |      0 |   1 |  347.0 |
               +--------+--------+--------+--------+--------+-----+--------+

Top non-repeatable levels by time:
    D:11: 3205 daAuts
     D:8: 1711 daAuts
     D:5: 1457 daAuts
     D:2: 1446 daAuts
     D:3: 1322 daAuts
     D:7: 1231 daAuts
    D:12: 1207 daAuts
     D:6: 1195 daAuts
     D:4: 1152 daAuts
     D:9: 1102 daAuts
     D:1: 1098 daAuts
    D:10: 944 daAuts
  Temple: 347 daAuts
